 Dungeon Crawl Stone Soup version 0.23.1 (webtiles) character file.

Game seed: 0

64 glosham the Conjurer (level 3, 29/29 HPs)
             Began as a Centaur Conjurer on Feb 28, 2019.
             Quit the game on level 2 of the Dungeon on Mar 1, 2019.
             The game lasted 00:17:23 (2826 turns).

glosham the Conjurer (Centaur Conjurer)             Turns: 2826, Time: 00:17:25

Health: 29/29      AC:  7    Str: 11    XL:     3   Next: 91%
Magic:  6/6        EV:  8    Int: 14    God:
Gold:   112        SH:  0    Dex:  9    Spells: 5/6 levels left

rFire    . . .     SeeInvis .   a - +0 short sword
rCold    . . .     Gourm    .   (no shield)
rNeg     . . .     Faith    .   X - +0 ring mail
rPois    .         Spirit   .   (no helmet)
rElec    .         Reflect  .   Y - +1 cloak
rCorr    .         Harm     .   (no gloves)
MR       .....                  (no barding)
Stlth    ..........             (no amulet)
HPRegen  0.09/turn              c - ring of attention (curse)
MPRegen  0.10/turn              (no ring)

@: very quick
A: large, hooves 3, deformed body, speed 2, tough skin 3
a: no special abilities


You were on level 2 of the Dungeon.
You were hungry.

You visited 1 branch of the dungeon, and saw 3 of its levels.

You collected 112 gold pieces.

Inventory:

Hand Weapons
 a - a +0 short sword (weapon)
 b - a +0 dagger
Missiles
 g - 34 stones (quivered)
 k - 18 bolts
 l - 16 poisoned needles
Armour
 h - a +0 plate armour
 X - a +0 ring mail (worn)
 Y - a +1 cloak (worn)
Jewellery
 c - a cursed ring of attention (left hand)
 C - an uncursed ring of ice
Scrolls
 m - 2 scrolls of fog
 p - a scroll of identify
Potions
 r - a potion of curing
Comestibles
 e - 2 rations


   Skills:
 * Level 2.0 Fighting
 + Level 1.7 Dodging
 + Level 1.4 Stealth
 + Level 2.0 Spellcasting
 + Level 3.9 Conjurations


You had 5 spell levels left.
You knew the following spells:

 Your Spells              Type           Power        Failure   Level  Hunger
x - Magic Dart            Conj           ##..         12%         1    ##.....

Your spell library contained the following spells:

 Spells                   Type           Power        Failure   Level  Hunger
 Searing Ray              Conj           ##....       19%         2    ###....
 Dazzling Spray           Conj/Hex       #.....       61%         3    ####...
 Iskenderun's Mystic Bla  Conj           ##......     75%         4    #####..
 Force Lance              Conj/Tloc      #.......     95%         4    #####..
 Fulminant Prism          Conj/Hex       #.........   95%         4    #####..


Dungeon Overview and Level Annotations

Branches:
Dungeon (3/15)

Altars:

Annotations:
D:1 rock vault


Innate Abilities, Weirdness & Mutations

You have hooves in place of feet.
Armour fits poorly on your strangely shaped body.
You cover ground very quickly.
You have extremely tough skin. (AC +3)


Message History

g - 33 stones (gained 1)
g - 34 stones (gained 1)
Found a stone staircase leading up.
Things that are here:
a +0 short sword; a kobold corpse
p - a scroll of identify You now have 112 gold pieces (gained 8).
You see here a goblin corpse.
You butcher the goblin corpse.
d - a chunk of flesh You see here a goblin skeleton.
Eating a chunk of flesh.
You eat the chunk of flesh.
This raw flesh tastes terrible.
There is a stone staircase leading up here.
You climb upwards.
Level annotation: rock vault
There is a stone staircase leading down here.
You start resting.
HP restored.
You don't have any unidentified items.
You climb downwards.
There is a stone staircase leading up here.
There is an open door here.
Found an escape hatch in the floor.
A hobgoblin comes into view. It is wielding a -2 club.
You hit the hobgoblin. Your kick misses the hobgoblin.
The hobgoblin is almost dead.
The hobgoblin barely misses you.
You hit the hobgoblin.
You kill the hobgoblin!
Found a stone staircase leading down.
There is an open door here.
You are feeling hungry.
Okay, then.
A giant cockroach and a hobgoblin come into view.
The hobgoblin shouts!
Saving game... please wait.
Welcome back, glosham the Centaur Conjurer.
Press ? for a list of commands and other information.
Are you sure you want to abandon this character and quit the game? (Confirm with "yes".) #.# #.# #.# # #.# .. #.# gs.

... #.# .... ....
#.# ..... ....##
#.##########......
......
#.........@'......
.....
############......
##.. ..... #...
#### #... #.#.
#.#. #.#. #...
#...


You could see a giant cockroach and a hobgoblin.

Vanquished Creatures
  2 adders (D:2)
  A shadow imp (D:2)
  A worm (D:2)
  4 dart slugs (D:1)
  A leopard gecko (D:2)
  A bat (D:1)
  3 goblins
  2 hobgoblins
  4 jackals
  2 frilled lizards (D:1)
  5 kobolds
  4 rats (D:1)
30 creatures vanquished.

Notes
Turn   | Place    | Note
-------+----------+-------------------------------------------
     0 | D:1      | glosham the Centaur Conjurer began the quest for the Orb.
     0 | D:1      | Reached XP level 1. HP: 14/14 MP: 3/3
   203 | D:1      | Reached skill level 1 in Fighting
   203 | D:1      | Reached XP level 2. HP: 23/23 MP: 0/4
   987 | D:2      | Reached XP level 3. HP: 16/28 MP: 5/5
  1747 | D:2      | HP: 2/29 [poisoned by an adder]
  1755 | D:2      | HP: 1/29 [poisoned by an adder]
  2184 | D:2      | HP: 2/29 [adder (1)]
  2578 | D:2      | Reached skill level 2 in Spellcasting
  2593 | D:2      | Reached skill level 2 in Fighting
  2826 | D:2      | Upgraded the game from 0.23.0-38-g208d714 to 0.23.1
  2826 | D:2      | Quit the game

Skill      XL: |  1  2  3 |
---------------+----------+-----
Fighting       | 1 2 |  2.0
Spellcasting   | 2 |  2.0
Dodging        | |  1.7
Stealth        | |  1.4
Conjurations   | |  3.9

Action                   || total
-------------------------++-------
Melee: Unarmed           ||    11
       Kick              ||    22
       Dagger            ||   111
       Short sword       ||    30
 Cast: Magic Dart        ||     5
  Use: Scroll            ||     6
       Potion            ||     2
  Eat: Ration            ||     1
       Chunk             ||     1
Armor: Ring mail         ||    53
       Robe              ||     1
       Plate armour      ||    32
       Skin              ||     1
Dodge: Dodged            ||    45

Table legend:
 A = Turns spent in this place as a percentage of turns spent in the entire game.
 B = Non-inter-level travel turns spent in this place as a percentage of non-inter-level travel turns spent in the entire game.
 C = Inter-level travel turns spent in this place as a percentage of turns spent in this place.
 D = Turns resting spent in this place as a percentage of non-inter-level travel turns spent in this place.
 E = Turns spent auto-exploring this place as a percentage of non-inter-level travel turns spent in this place.
 F = Non-inter-level travel turns spent in this place divided by the number of levels of this place that you've seen.
                   A       B       C       D       E      F
               +-------+-------+-------+-------+-------+----------------------
         Total | 100.0 | 100.0 |   6.1 |  40.6 |  14.4 | 885.0
       Dungeon | 100.0 | 100.0 |   6.1 |  40.6 |  14.4 | 885.0
               +-------+-------+-------+-------+-------+----------------------

Table legend:
 A = Kills in this place as a percentage of kills in entire the game.
 B = Kills by you in this place as a percentage of kills by you in the entire game.
 C = Kills by friends in this place as a percentage of kills by friends in the entire game.
 D = Other kills in this place as a percentage of other kills in the entire game.
 E = Experience gained in this place as a percentage of experience gained in the entire game.
 F = Experience gained in this place divided by the number of levels of this place that you have seen.
                   A       B       C       D       E      F
               +-------+-------+-------+-------+-------+----------------------
         Total | 100.0 | 100.0 |   N/A |   N/A | 100.0 |  30.7
       Dungeon | 100.0 | 100.0 |   N/A |   N/A | 100.0 |  30.7
               +-------+-------+-------+-------+-------+----------------------

Levels and vault maps discovered:
D:1:      wander_arrival_chamber, layout_basic, due_unseen_surprise
D:2:      layout_basic
D:3:      layout_rooms, tso_altar, chequers_temple_overflow_statue_of_worship
